 Dungeon Crawl Stone Soup version 0.31-a0-1002-g8e65716e6e (webtiles) character file.

Game seed: 7159515146908393131

55 BinkBink the Magician (level 3, -2/19 HPs)
             Began as a Deep Elf Air Elementalist on Nov 9, 2023.
             Killed by their own static electricity (3 damage)
             ... on level 2 of the Dungeon.
             The game lasted 00:02:48 (1528 turns).

BinkBink the Magician (Deep Elf Air Elementalist)   Turns: 1528, Time: 00:02:48

Health: -2/19      AC:  2    Str:  5    XL:     3   Next: 67%
Magic:  7/10       EV: 12    Int: 21    God:
Gold:   33         SH:  5    Dex: 15    Spells: 7/10 levels left

rFire   . . .        (no weapon)
rCold   . . .        (no shield)
rNeg    . . .        a - +0 robe
rPois   .            (no helmet)
rElec   .            (no cloak)
rCorr   .            (no gloves)
SInv    +            (no boots)
Will    .....        k - amulet of reflection
Stlth   ++           e - ring of see invisible
HPRegen 0.23/turn    (no ring)
MPRegen 0.12/turn

%: reflection
@: no status effects
A: no striking features
a: no special abilities


You were on level 2 of the Dungeon.
You visited 1 branch of the dungeon, and saw 2 of its levels.

You collected 33 gold pieces.

Inventory:

Armour
 a - a +0 robe (worn)
Jewellery
 e - a ring of see invisible (left hand)
 k - an amulet of reflection (around neck)
Scrolls
 g - 3 scrolls of teleportation {unknown}
 h - 2 scrolls of identify {unknown}
 j - a scroll of fear {unknown}
 l - 2 scrolls of amnesia {unknown}
Potions
 b - a potion of magic
 c - a potion of attraction {unknown}
 d - a potion of haste {unknown}
 f - a potion of brilliance {unknown}
 i - a potion of curing {unknown}


   Skills:
 - Level 2.4 Dodging
 - Level 2.4 Stealth
 + Level 4.0 Spellcasting
 + Level 2.3 Conjurations
 + Level 3.6 Air Magic


You had 7 spell levels left.
You knew the following spells:

 Your Spells              Type           Power      Damage    Failure   Level
a - Shock                 Conj/Air       64%        1d7       3%          1
b - Static Discharge      Conj/Air       32%        3-5/arc   5%          2

Your spell library contained the following spells:

 Spells                   Type           Power      Damage    Failure   Level
 Swiftness                Air            19%        N/A       9%          3
 Airstrike                Air            9%         2d(2-18)  26%         4


Dungeon Overview and Level Annotations

Branches:
Dungeon (2/15)

Altars:
Ru

Shops:
D:2 [


Message History

A goblin comes into view. It is wielding a +0 club.
The goblin shouts!
Found an escape hatch in the ceiling.
There is a stone staircase leading up here.
You climb upwards.
There is a stone staircase leading down here.
Magic restored.
Done exploring.
You start memorising the spell.
You continue memorising. x2
You finish memorising.
Spell assigned to 'b'.
There is a stone staircase leading down here.
You climb downwards.
There is a stone staircase leading up here.
Casting: Shock (safe; 3% risk of failure)
Confirm with . or Enter, or press ? or * to list all spells.
Aiming: Shock (safe; 3% risk of failure)
Press: ? - help, Shift-Dir - straight line, f - gnoll
Aim: a gnoll, wielding a +0 halberd and wearing a +0 leather armour (75% to hit)
The zap misses the gnoll.
The gnoll misses you.
Unknown command.
The gnoll attacks as it pursues you!
The gnoll hits you from afar with a +0 halberd!
Ouch! That really hurt!
* * * LOW HITPOINT WARNING * * *
The gnoll closely misses you.
Casting: Shock (safe; 3% risk of failure)
Confirm with . or Enter, or press ? or * to list all spells.
The goblin is struck by an arc of lightning.
You kill the goblin!
You are struck by an arc of lightning.
* * * LOW HITPOINT WARNING * * *
The gnoll is struck by an arc of lightning.
The gnoll is moderately wounded.
You are struck by an arc of lightning.
* * * LOW HITPOINT WARNING * * *
The lightning grounds out.
The gnoll is struck by an arc of lightning.
The gnoll is severely wounded.
You are struck by an arc of lightning.
You die...

...........#
...........#
...........####
..............####
#...........>....#
............<..#.##
<..............#..#####
.............).......##
........$...g@.#......
.............!...>...#
......................
.................#####
.......รท......)..#
##...........##.#
#...........##.## ..
#............#..#..#
#.................#


You could see a gnoll.

Vanquished Creatures
  2 gnolls (D:2)
  An adder zombie (D:2)
  A dart slug (D:2)
  5 ball pythons
  A bat skeleton (D:2)
  An endoplasm (D:1)
  A giant cockroach (D:1)
  5 goblins
  5 hobgoblins
  A quokka (D:1)
  A ball python skeleton (D:2)
  A bat (D:1)
  2 kobolds (D:1)
  A quokka zombie (D:2)
  2 rats (D:1)
30 creatures vanquished.

Notes
Turn   | Place    | Note
-------+----------+-------------------------------------------
     0 | D:1      | BinkBink the Deep Elf Air Elementalist began the quest for
                  | the Orb.
     0 | D:1      | Reached XP level 1. HP: 10/10 MP: 6/6
   218 | D:1      | Reached XP level 2. HP: 15/15 MP: 0/8
  1071 | D:2      | Found a sacrificial altar of Ru.
  1188 | D:2      | Reached XP level 3. HP: 19/19 MP: 8/10
  1262 | D:2      | Identified the ring "Aroyriv" {rPois rF+}
  1410 | D:2      | Found Ducseg's Antique Armour Shop.
  1417 | D:2      | Reached skill level 4 in Spellcasting
  1500 | D:1      | Learned a level 2 spell: Static Discharge
  1528 | D:2      | Killed from afar by themself

Illustrated notes

Levels and vault maps discovered:
D:1:      lightli_arrival_isolated_outpost, layout_basic
D:2:      layout_rooms, serial_shops, shop, basic_altar, serial_undead,
          serial_undead_b, serial_undead_d, serial_undead_f, serial_undead_e,
          minivault_25

Skill      XL: |  1  2  3 |
---------------+----------+-----
Conjurations   | 2 |  2.3
Spellcasting   | 4 |  4.0
Dodging        | |  2.4
Stealth        | |  2.4
Air Magic      | |  3.6

Action                     || total
---------------------------++-------
   Cast: Shock             ||    83
 Armour: Robe              ||    15
  Dodge: Dodged            ||    21
  Block: Other             ||     4

Table legend: (Time is in decaauts)
 A = Elapsed time spent in this place.
 B = Non-inter-level travel time spent in this place.
 C = Inter-level travel time spent in this place.
 D = Time resting spent in this place.
 E = Time spent auto-exploring this place.
 F = Levels seen in this place.
 G = Mean time per level.
                   A        B        C        D        E       F      G
               +--------+--------+--------+--------+--------+-----+--------+
         Total |   1534 |   1466 |     68 |      0 |   1185 |   2 |  767.0 |
       Dungeon |   1534 |   1466 |     68 |      0 |   1185 |   2 |  767.0 |
               +--------+--------+--------+--------+--------+-----+--------+

Top non-repeatable levels by time:
     D:1: 1143 daAuts
     D:2: 391 daAuts
